 Dungeon Crawl Stone Soup version 0.19.4-9-g45fd643 (webtiles) character file.

8888 polly the Cleaver (level 11, 0/153 HPs)
             Began as a Minotaur Berserker on Feb 18, 2017.
             Was a High Priest of Trog.
             Slain by a fire giant
             ... wielding a +2 great sword of flaming
              (23 damage)
             ... on level 10 of the Dungeon.
             The game lasted 00:13:55 (10936 turns).

polly the Cleaver (Minotaur Berserker)             Turns: 10936, Time: 00:13:56

Health: 0/153      AC: 13    Str: 29    XL:     11   Next: 15%
Magic:  10/10      EV: 11    Int:  4    God:    Trog [*****.]
Gold:   506        SH:  6    Dex: 11    Spells: 0 memorised, 10 levels left

rFire  . . .     SeeInvis .     a - +0 hand axe
rCold  . . .     Gourm    .     G - +0 chain mail
rNeg   . . .     Faith    .     (no shield)
rPois  +         Spirit   .     (helmet restricted)
rElec  .         Reflect  +     B - +0 cloak {rPois}
rCorr  .         Harm     .     D - +0 pair of gloves
MR     .....                    (no boots)
Stlth  ..........               C - +6 amulet of reflection
                                (no ring)
                                (no ring)

@: berserking, starving, very quick
A: retaliatory headbutt, horns 2
a: Berserk, Trog's Hand, Brothers in Arms, Burn Spellbooks, Renounce Religion


You were on level 10 of the Dungeon.
You worshipped Trog.
Trog was extremely pleased with you.
You were starving.

You visited 1 branch of the dungeon, and saw 10 of its levels.
You also visited: Ossuary.

You collected 506 gold pieces.

Inventory:

Hand Weapons
 a - a +0 hand axe (weapon)
Missiles
 K - an exploding tomahawk (quivered)
Armour
 B - a +0 cloak of poison resistance (worn)
 D - a +0 pair of gloves (worn)
 G - a +0 chain mail (worn)
Jewellery
 C - a +6 amulet of reflection (around neck)
 F - an uncursed ring of protection from cold {unknown}
Wands
 x - a wand of polymorph (8/24)
 y - a wand of polymorph (10/24)
 z - a wand of lightning (8/15)
 L - a wand of iceblast (4/15)
 M - a wand of slowing (33/48)
 P - a wand of lightning (5/15)
Scrolls
 b - 5 scrolls of blinking {unknown}
 d - 18 scrolls of identify {unknown}
 e - 7 scrolls of teleportation {unknown}
 g - a scroll of enchant armour {unknown}
 j - 9 scrolls of remove curse {unknown}
 k - 4 scrolls of amnesia {unknown}
 l - a scroll of random uselessness {unknown}
 o - a scroll of recharging {unknown}
 r - 2 scrolls of fog {unknown}
 s - 5 scrolls of immolation {unknown}
 v - 2 scrolls of enchant weapon {unknown}
 E - 2 scrolls of magic mapping {unknown}
Potions
 f - a potion of magic {unknown}
 h - 4 potions of brilliance {unknown}
 m - a potion of mutation {unknown}
 n - 2 potions of might
 p - 5 potions of degeneration {unknown}
 q - 4 potions of flight {unknown}
 t - 2 potions of heal wounds {unknown}
 u - 3 potions of agility {unknown}
 w - a potion of curing
 A - 2 potions of lignification {unknown}
 H - a potion of beneficial mutation {unknown}
 J - a potion of cure mutation {unknown}
Comestibles
 c - 12 bread rations
 i - 4 meat rations
 I - 2 beef jerkies
 O - 12 fruits


   Skills:
 * Level 11.4 Fighting
 * Level 14.9 Axes
 + Level 7.1 Armour
 + Level 5.7 Dodging


You had 10 spell levels left.
You didn't know any spells.

Dungeon Overview and Level Annotations

Branches:
Dungeon (10/15)            Temple (0/1) D:6
   Lair: D:8-11         Orc: D:9-12

Altars:
Ashenzari
Cheibriados
Dithmenos
Fedhas
Hepliaklqana
Kikubaaqudgha
Okawaru
Ru
Trog
Uskayaw
Vehumet
Yredelemnul
Zin
The Shining One


Innate Abilities, Weirdness & Mutations

You reflexively headbutt those who attack you in melee.
You have a pair of horns on your head.


Message History

A red film seems to cover your vision as you go berserk!
You feel yourself moving faster!
You feel mighty!
You are starving!
The fire giant closely misses you.
You barely miss the fire giant. You headbutt the fire giant!
The fire giant is moderately wounded.
You barely miss the fire giant.
The fire giant is moderately wounded.
The fire giant points at you and mumbles some strange words.
The bolt of fire hits you!
* * * LOW HITPOINT WARNING * * *
You barely miss the fire giant. You headbutt the fire giant.
The fire giant is moderately wounded.
You slash the fire giant!
The fire giant is moderately wounded.
You hit the fire giant but do no damage.
Your headbutt misses the fire giant.
The fire giant is moderately wounded.
The fire giant hits you with a great sword of flaming!!
You die...

#..#...##..#...# #.......
#......##..#...# #.<÷....
#......##..#...# ####.......
#......##..#...# ............
###..##..##..#...# ........†...
.##..##..##..#...####............
........)........................
.#####)#########'#########+#####.
.#...#.....# #@# #. .#.##..#.###
#C# #. .##.##.....# #..#G.# #.
.#...##.#.## #.. #.# #.
.'.#..#.#..+.... ... +.
.###.##.######.# ### #.
.#.......# #. #. .##..###...# .#
.#.#.)...#.# #


You could see a fire giant and a glowing orange brain.

Vanquished Creatures
  2 hill giants (D:10)
  A harpy (D:10)
  A cyclops (D:10)
  Prince Ribbit (D:7)
  2 hornets
  Sigmund (D:3)
  A wyvern (D:10)
  A spriggan (D:8)
  Menkaure (D:6)
  Edmund (D:6)
  Duvessa (D:4)
  Purgy (D:3)
  An ice beast (D:7)
  3 orc warriors
  4 sky beasts
  5 ogres
  5 centaurs
  2 big kobolds (D:9)
  7 bullfrogs
  5 elf zombies (Ossuary)
  Dowan (D:4)
  7 scorpions
  11 killer bees
  8 wights
  An electric eel (D:8)
  A howler monkey (D:10)
  3 crimson imps
  6 centaur zombies
  A bullfrog zombie (D:6)
  7 hounds
  3 jellies
  4 orc priests
  2 human zombies (Ossuary)
  Crazy Yiuf (D:4)
  A gnoll shaman (D:5)
  15 orc wizards
  A bullfrog skeleton (D:6)
  Jessica (D:3)
  Terence (D:2)
  Natasha (twice) (D:2)
  An iguana (D:8)
  9 worker ants
  A hound zombie (D:5)
  3 mummies (Ossuary)
  A howler monkey skeleton (D:7)
  12 adders
  8 gnolls
  2 shadow imps
  An ooze (D:5)
  An adder zombie (D:6)
  An adder skeleton (D:7)
  2 worms
  3 dart slugs
  3 leopard geckos
  44 orcs
  2 ball pythons
  7 giant cockroaches
  11 hobgoblins
  11 jackals
  3 quokkas
  16 bats
  6 frilled lizards
  12 goblins
  A goblin zombie (D:4)
  A jackal skeleton (D:6)
  20 kobolds
  A leopard gecko skeleton (D:8)
  A leopard gecko zombie (D:6)
  2 quokka zombies
  8 rats
317 creatures vanquished.

Notes
Turn   | Place    | Note
-------+----------+-------------------------------------------
     0 | D:1      | polly the Minotaur Berserker began the quest for the Orb.
     0 | D:1      | Reached XP level 1. HP: 19/19 MP: 0/0
   142 | D:1      | Reached skill level 4 in Axes
   151 | D:1      | Reached XP level 2. HP: 20/27 MP: 1/1
   325 | D:1      | Reached XP level 3. HP: 17/33 MP: 2/2
   328 | D:1      | Reached ** piety under Trog
   579 | D:2      | Noticed Terence
   591 | D:2      | Killed Terence
   591 | D:2      | Reached skill level 5 in Axes
   591 | D:2      | Reached XP level 4. HP: 17/41 MP: 3/3
   763 | D:2      | Found an iron altar of Okawaru.
  1185 | D:2      | Reached *** piety under Trog
  1199 | D:2      | Noticed Natasha
  1205 | D:2      | Killed Natasha
  1205 | D:2      | Reached skill level 5 in Fighting
  1205 | D:2      | Reached XP level 5. HP: 17/48 MP: 4/4
  1430 | D:2      | Noticed Natasha
  1431 | D:2      | Reached skill level 6 in Axes
  1435 | D:2      | Killed Natasha
  1470 | D:2      | Found a bloodstained altar of Trog.
  1628 | D:3      | Noticed an ogre
  1633 | D:3      | Killed an ogre
  1633 | D:3      | Reached XP level 6. HP: 40/56 MP: 5/5
  1645 | D:3      | Noticed Jessica
  1651 | D:3      | Killed Jessica
  1657 | D:3      | Reached skill level 7 in Axes
  1877 | D:3      | Noticed Purgy
  1884 | D:3      | Killed Purgy
  1911 | D:3      | Reached XP level 7. HP: 40/63 MP: 6/6
  1921 | D:3      | Found a sacrificial altar of Ru.
  2021 | D:3      | Found a shadowy altar of Dithmenos.
  2114 | D:3      | Noticed Sigmund
  2128 | D:3      | Killed Sigmund
  2128 | D:3      | Reached skill level 8 in Axes
  2255 | D:4      | Noticed Duvessa
  2255 | D:4      | Noticed Dowan
  2261 | D:4      | Killed Dowan
  2263 | D:4      | Killed Duvessa
  2285 | D:4      | Found a sand-covered staircase.
  2294 | Ossuary  | Entered an ossuary
  2349 | Ossuary  | Reached **** piety under Trog
  2363 | Ossuary  | Reached skill level 9 in Axes
  2363 | Ossuary  | Reached XP level 8. HP: 10/73 MP: 7/7
  2984 | Ossuary  | Reached skill level 10 in Axes
  3299 | D:4      | You fall through a shaft!
  3299 | D:5      | Entered Level 5 of the Dungeon
  3332 | D:4      | Found a shattered altar of Ashenzari.
  3572 | D:4      | Found an ancient bone altar of Kikubaaqudgha.
  3781 | D:4      | Found a runed door.
  3822 | D:4      | Found a basalt altar of Yredelemnul.
  3960 | D:4      | Noticed Crazy Yiuf
  3965 | D:4      | Killed Crazy Yiuf
  4339 | D:5      | Got a faintly glowing robe
  4350 | D:5      | Identified the +2 robe of Erhu {+Fly rF- Str+3} (You found it on level 5 of the Dungeon)
  4501 | D:5      | Reached skill level 5 in Dodging
  4532 | D:5      | Found a glowing golden altar of the Shining One.
  4636 | D:5      | Reached skill level 11 in Axes
  4636 | D:5      | Reached XP level 9. HP: 69/82 MP: 8/8
  5079 | D:6      | Reached ***** piety under Trog
  5245 | D:6      | Noticed Edmund
  5256 | D:6      | Killed Edmund
  5319 | D:6      | Found a staircase to the Ecumenical Temple.
  5329 | D:6      | Reached skill level 12 in Axes
  6039 | D:6      | Found a bloodstained altar of Trog.
  6039 | D:6      | Noticed Menkaure
  6046 | D:6      | Killed Menkaure
  6073 | D:7      | Noticed Prince Ribbit
  6136 | D:7      | Killed Prince Ribbit
  6493 | D:7      | Found a hazy altar of Hepliaklqana.
  6608 | D:7      | Reached skill level 10 in Fighting
  6623 | D:7      | Reached skill level 13 in Axes
  6640 | D:7      | Reached XP level 10. HP: 75/93 MP: 9/9
  7289 | D:7      | Found a blossoming altar of Fedhas.
  7643 | D:8      | Found a radiant altar of Vehumet.
  8159 | D:8      | Reached skill level 5 in Armour
  8718 | D:8      | Found a shadowy altar of Dithmenos.
  8933 | D:9      | Found an iron altar of Okawaru.
  9323 | D:9      | Received a gift from Trog
  9367 | D:9      | Reached skill level 14 in Axes
  9522 | D:9      | Found a glowing silver altar of Zin.
  9525 | D:9      | Found a hide-covered altar of Uskayaw.
  9528 | D:9      | Found a snail-covered altar of Cheibriados.
  9531 | D:9      | Found a shadowy altar of Dithmenos.
  9900 | D:10     | Entered Level 10 of the Dungeon
  9947 | D:10     | Noticed a cyclops
  9964 | D:10     | Killed a cyclops
 10477 | D:10     | Noticed a hill giant
 10483 | D:10     | Killed a hill giant
 10483 | D:10     | Reached XP level 11. HP: 84/102 MP: 10/10
 10497 | D:10     | Noticed a hill giant
 10505 | D:10     | Killed a hill giant
 10921 | D:10     | Noticed a fire giant
 10927 | D:10     | Noticed a harpy
 10927 | D:10     | Noticed a glowing orange brain
 10928 | D:10     | Noticed a deep elf knight
 10930 | D:10     | Killed a harpy
 10936 | D:10     | Slain by a fire giant

Skill      XL: |  1  2  3  4  5  6  7  8  9 10 11 |
---------------+----------------------------------+-----
Axes           | 4 5 6 7 9 11 13 14 | 14.9
Fighting       | 4 5 6 7 8 10 11 | 11.4
Dodging        | 3 4 5 |  5.7
Armour         | 4 6 7 |  7.1

Action                   |  1- 3 |  4- 6 |  7- 9 | 10-12 || total
-------------------------+-------+-------+-------+-------++-------
Melee: Hand axe          |    82 |   148 |   465 |   419 ||  1114
       Headbutt          |    10 |    34 |    88 |    90 ||   222
Invok: Berserk           |       |       |     3 |     4 ||     7
       Burn Spellbooks   |       |       |     1 |       ||     1
  Use: Potion            |       |     2 |     2 |     2 ||     6
 Stab: Sleeping          |       |     1 |       |       ||     1
  Eat: Chunk             |       |     3 |    15 |     9 ||    27
       Pizza             |       |       |     2 |     1 ||     3
       Meat ration       |       |       |       |     1 ||     1
Armor: Animal skin       |    19 |    16 |       |       ||    35
       Robe              |       |     2 |    30 |       ||    32
       Chain mail        |       |       |    72 |   113 ||   185
       Leather armour    |       |       |     5 |       ||     5
Dodge: Dodged            |    58 |    77 |   160 |   113 ||   408
Block: Other             |       |       |    46 |    78 ||   124
       Reflection        |       |       |       |     5 ||     5
